 Dungeon Crawl Stone Soup version 0.21-a0-525-ga34b322 (webtiles) character file.

70 KristoblXynda the Ducker (level 4, -1/33 HPs)
             Began as a Vampire Gladiator on Dec 7, 2017.
             Slain by KristoblXynda's ghost (7 damage)
             ... on level 3 of the Dungeon.
             The game lasted 00:03:17 (2573 turns).

KristoblXynda the Ducker (Vampire Gladiator)        Turns: 2573, Time: 00:03:20

Health: -1/33      AC:  6    Str: 19    XL:     4   Next: 4%
Magic:  4/4        EV: 14    Int: 10    God:
Gold:   108        SH:  0    Dex: 19    Spells: 3/3 levels left

rFire    . . .     SeeInvis +   a - +0 long sword
rCold    . . .     Gourm    .   (no shield)
rNeg     + . .     Faith    .   b - +0 leather armour
rPois    .         Spirit   .   c - +0 helmet
rElec    .         Reflect  .   (no cloak)
rCorr    .         Harm     .   (no gloves)
MR       +....                  (no boots)
Stlth    ++........             (no amulet)
HPRegen  0.11/turn              (no ring)
MPRegen  0.09/turn              (no ring)

@: mighty
A: fangs 3, yellow scales 1, see invisible, agile 2, magic resistance 1,
unbreathing
a: Bat Form


You were on level 3 of the Dungeon.
You were not thirsty.

You visited 1 branch of the dungeon, and saw 3 of its levels.

You collected 108 gold pieces.

Inventory:

Hand Weapons
 a - a +0 long sword (weapon)
Missiles
 d - 3 throwing nets (quivered)
Armour
 b - a +0 leather armour (worn)
 c - a +0 helmet (worn)
 f - a +0 ring mail
Jewellery
 j - an uncursed ring of protection from magic {unknown}
 k - an uncursed ring of stealth {unknown}
Scrolls
 i - 3 scrolls of remove curse {unknown}
 l - 2 scrolls of identify
 o - a scroll of enchant weapon {unknown}
 p - a scroll of teleportation
 q - a scroll of fog {unknown}
Potions
 e - 9 potions of blood
 g - a potion of cancellation {unknown}


   Skills:
 - Level 1.7 Fighting
 + Level 3.7 Long Blades
 - Level 2.2 Throwing
 + Level 4.1 Dodging
 + Level 1.3 Stealth


You had 3 spell levels left.
You didn't know any spells.

Dungeon Overview and Level Annotations

Branches:
Dungeon (3/15)

Altars:

Annotations:
D:3 KristoblXynda's ghost, amateur DrSk


Innate Abilities, Weirdness & Mutations

You have razor-sharp teeth.
You have supernaturally acute eyesight. (SInv)
You can survive without breathing.
You are partially covered in yellow scales. (AC +2)
You are very agile. (Dex +4)
You are resistant to hostile enchantments. (MR+)


Message History

You kill the ooze!
You have reached level 4!
KristoblXynda's ghost hits you!
* * * LOW HITPOINT WARNING * * *
You slash KristoblXynda's ghost! Your bite misses KristoblXynda's ghost.
KristoblXynda's ghost is severely damaged.
KristoblXynda's ghost hits you.
* * * LOW HITPOINT WARNING * * *
The quokka bites you but does no damage.
Unknown command.
You see here a dart slug corpse.
The quokka misses you. The quokka barely misses you.
You riposte.
You barely miss the quokka.
It was a potion of mutation.
You feel extremely strange.
You feel agile.
You feel resistant to hostile enchantments.
Yellow scales grow over part of your body.
You feel agile. KristoblXynda's ghost hits you!
You die...

### #.# #.#
##########.# #@#
#.<........#
#W##########
#.########.#
#r......... #.#
#.####........#
#.#
#.............#
#.#
#........†.....#
##.###
#..####.##.....#
.....# #.
#.##.....#
.....#
#.##.....#


You could see KristoblXynda's ghost and a quokka.

Vanquished Creatures
  An adder (D:2)
  2 oozes
  2 worms
  2 dart slugs
  A giant cockroach (D:1)
  8 goblins
  5 hobgoblins
  2 jackals (D:3)
  A bat (D:2)
  5 frilled lizards
  9 kobolds
  5 rats
43 creatures vanquished.

Notes
Turn   | Place    | Note
-------+----------+-------------------------------------------
     0 | D:1      | KristoblXynda the Vampire Gladiator began the quest for the Orb.
     0 | D:1      | Reached XP level 1. HP: 16/16 MP: 1/1
   284 | D:1      | Reached XP level 2. HP: 7/22 MP: 2/2
  1281 | D:2      | Reached XP level 3. HP: 23/27 MP: 3/3
  1890 | D:3      | Reached skill level 4 in Dodging
  2165 | D:3      | Reached skill level 1 in Stealth
  2183 | D:3      | Noticed KristoblXynda's ghost (amateur DrSk)
  2565 | D:3      | Reached XP level 4. HP: 19/33 MP: 4/4
  2573 | D:3      | Gained mutation: You are agile. (Dex +2) [potion of mutation]
  2573 | D:3      | Gained mutation: You are resistant to hostile enchantments. (MR+) [potion of mutation]
  2573 | D:3      | Gained mutation: You are partially covered in yellow scales. (AC +2) [potion of mutation]
  2573 | D:3      | Gained mutation: You are very agile. (Dex +4) [potion of mutation]
  2573 | D:3      | Slain by KristoblXynda's ghost

Vault maps used:
D:1:      saegor_arrival_simple_c

Skill      XL: |  1  2  3 |
---------------+----------+-----
Throwing       | 2 |  2.2
Dodging        | 4 |  4.1
Stealth        | 1 |  1.3
Fighting       | |  1.7
Long Blades    | |  3.7

Action                   |  1- 3 |  4- 6 || total
-------------------------+-------+-------++-------
Melee: Long sword        |   125 |     1 ||   126
       Bite              |    12 |       ||    12
  Use: Potion            |     7 |     1 ||     8
       Scroll            |     2 |       ||     2
 Stab: Sleeping          |     6 |       ||     6
Armor: Leather armour    |    32 |     1 ||    33
Dodge: Dodged            |    80 |     2 ||    82
       Rpst.: Long sword |    24 |     1 ||    25

Table legend:
 A = Spawn XP
 B = Non-spawn XP
 C = Spawn XP percentage of total XP
 D = Spawn monster count
 E = Non-spawn monster count
 F = Spawn count percentage of total count
 G = Total turns spent on level
                    A         B        C        D         E        F      G
               +---------+---------+-------+---------+---------+-------+---------
         Total |       0 |     101 |   0.0 |       0 |      43 |   0.0 |  2573
               +---------+---------+-------+---------+---------+-------+---------
           D:1 |       0 |      25 |   0.0 |       0 |      14 |   0.0 |  1091
           D:2 |       0 |      43 |   0.0 |       0 |      16 |   0.0 |   772
           D:3 |       0 |      33 |   0.0 |       0 |      13 |   0.0 |   710
               +---------+---------+-------+---------+---------+-------+---------
